 Dungeon Crawl Stone Soup version 0.30-a0-629-gd54f4be4f7 (webtiles) character file.

Game seed: 2212988188753069619

77 porpoise the Chopper (level 4, 0/35 (37) HPs)
             Began as a Demonspawn Monk on Jan 13, 2023.
             Slain by Sigmund
             ... wielding a +0 scythe
              (3 damage)
             ... on level 2 of the Dungeon.
             The game lasted 00:03:40 (1287 turns).

porpoise the Chopper (Demonspawn Monk)              Turns: 1287, Time: 00:03:40

HP:   0/35 (37)     AC:  4    Str: 13    XL:     4   Next: 14%
MP:   4/4           EV: 13    Int: 11    God:
Gold: 103           SH:  0    Dex: 16    Spells: 3/3 levels left

rFire   . . .      SeeInvis .    a - +0 war axe
rCold   . . .      Faith    .    (no shield)
rNeg    . . .      Spirit   .    b - +0 robe
rPois   .          Reflect  .    (no helmet)
rElec   .          Harm     .    (no cloak)
rCorr   .          Rampage  .    (no gloves)
Will    .....                    (no boots)
Stlth   ++                       (no amulet)
HPRegen 0.25/turn                (no ring)
MPRegen 0.18/turn                (no ring)

@: hasted, drained, very quick
A: slimy green scales 1, spiny 1, magic regeneration
a: no special abilities


You were on level 2 of the Dungeon.
You visited 1 branch of the dungeon, and saw 2 of its levels.

You collected 103 gold pieces.

Inventory:

Hand Weapons
 a - a +0 war axe (weapon)
Missiles
 j - 6 poisoned darts (quivered)
Armour
 b - a +0 robe (worn)
Jewellery
 h - an amulet of magic regeneration
 k - a ring of wizardry
Scrolls
 f - 5 scrolls of teleportation {unknown}
 g - a scroll of identify {unknown}
 i - a scroll of vulnerability {unknown}
 l - 2 scrolls of fog {unknown}
Potions
 c - a potion of ambrosia
 d - a potion of haste
 e - 2 potions of cancellation {unknown}


   Skills:
 + Level 3.7 Fighting
 * Level 4.0 Axes
 - Level 2.6 Dodging
 - Level 1.7 Stealth


You had 3 spell levels left.
You didn't know any spells.
Your spell library was empty.

Dungeon Overview and Level Annotations

Branches:
Dungeon (2/15)

Altars:

Annotations:
D:2 Sigmund


Innate Abilities, Weirdness & Mutations

You are partially covered in slimy green scales. (AC +2)
You are partially covered in sharp spines.
You regenerate magic rapidly.


Message History

The goblin is moderately wounded.
The goblin hits you but does no damage.
You feel drained. The goblin closely misses you.
You slash the goblin!
You kill the goblin!
You hit the hobgoblin.
The hobgoblin is severely wounded.
The hobgoblin is struck by your spines.
You kill the hobgoblin!
Something hits you.
You hit the hobgoblin but do no damage. The hobgoblin closely misses you.
Something barely misses you. The hobgoblin barely misses you.
You slash the hobgoblin!
You kill the hobgoblin!
You hear some strange, mumbled words.
You are confused.
You bump into the rock wall.
Something barely misses you. The goblin is struck by your spines.
You kill the goblin!
You start waiting.
There is a strange disturbance nearby!
Something hits you.
Items here: ! )))))) [[ †††.
Something hits you!
You bump into the rock wall.
You bump into the rock wall.
You feel less confused. Something hits you. Something hits you.
Items here: ! )))))) [[ †††.
You barely miss something. Something hits you.
You hit something. Something hits you but does no damage.
You hit something. Something hits you.
You barely miss something.
You hear some strange, mumbled words.
A puff of flame appears from out of thin air!
The puff of flame hits you!
* * * LOW HITPOINT WARNING * * *
It was a potion of haste.
You feel yourself speed up. Something hits you.
You die...

#.##.# #####)##.. ..#
......#### #.#
#..#### ### #.# ....#
##.## #.#
###.####.#.## #.#
#÷...##.###.## #.#
)÷##...##
##.###.####... ⌠.
#..#.# #..).)@.......
..
#..##.#.#####{##.....
## #... >.. .g.. ...
..<...... ...##.. .
.#..############ ...
#.##.# .. # ... .


You could see a goblin.

Vanquished Creatures
  Robin (D:2)
  An adder (D:2)
  3 dart slugs
  3 ball pythons
  A bat (D:2)
  2 endoplasms
  3 giant cockroaches (D:1)
  14 goblins
  5 hobgoblins
  2 quokkas (D:1)
  3 frilled lizards (D:1)
  3 kobolds
  5 rats
46 creatures vanquished.

Notes
Turn   | Place    | Note
-------+----------+-------------------------------------------
     0 | D:1      | porpoise the Demonspawn Monk began the quest for the Orb.
     0 | D:1      | Reached XP level 1. HP: 18/18 MP: 1/1
   110 | D:1      | Reached skill level 3 in Axes
   343 | D:1      | Gained mutation: You are partially covered in slimy green
                  | scales. (AC +2) [demonic ancestry]
   343 | D:1      | Reached XP level 2. HP: 22/24 MP: 2/2
   830 | D:2      | Gained mutation: You are partially covered in sharp spines.
                  | [demonic ancestry]
   830 | D:2      | Reached XP level 3. HP: 15/29 MP: 3/3
  1253 | D:2      | Noticed Robin
  1258 | D:2      | Killed Robin
  1258 | D:2      | Noticed Sigmund
  1264 | D:2      | Reached skill level 4 in Axes
  1265 | D:2      | Gained mutation: You regenerate magic rapidly. [demonic
                  | ancestry]
  1265 | D:2      | Reached XP level 4. HP: 34/37 MP: 4/4
  1287 | D:2      | Slain by Sigmund

Illustrated notes

Levels and vault maps discovered:
D:1:      dpeg_arrival_leaves_temple_mockup, layout_basic
D:2:      minmay_angry_zag, layout_loops_ring, minmay_hexomino_p4, uniq_robin,
          uniq_sigmund

Skill      XL: |  1  2  3 |
---------------+----------+-----
Axes           | 3 4 |  4.0
Fighting       | |  3.7
Dodging        | |  2.6
Stealth        | |  1.7

Action                   |  1- 3 |  4- 6 || total
-------------------------+-------+-------++-------
Melee: Hand axe          |    79 |       ||    79
       War axe           |    34 |    14 ||    48
  Use: Potion            |       |     1 ||     1
 Stab: Sleeping          |     6 |       ||     6
Armor: Robe              |    20 |     4 ||    24
Dodge: Dodged            |    64 |     6 ||    70

Table legend: (Time is in decaauts)
 A = Elapsed time spent in this place.
 B = Non-inter-level travel time spent in this place.
 C = Inter-level travel time spent in this place.
 D = Time resting spent in this place.
 E = Time spent auto-exploring this place.
 F = Levels seen in this place.
 G = Mean time per level.
                   A        B        C        D        E       F      G
               +--------+--------+--------+--------+--------+-----+--------+
         Total |   1312 |   1304 |      8 |    393 |    627 |   2 |  656.0 |
       Dungeon |   1312 |   1304 |      8 |    393 |    627 |   2 |  656.0 |
               +--------+--------+--------+--------+--------+-----+--------+

Top non-repeatable levels by time:
     D:1: 793 daAuts
     D:2: 519 daAuts
